 Dungeon Crawl Stone Soup version 0.29.0-4-gdea44cf6ec (webtiles) character file.

Game seed: 3602016046327751880

6 qw the Sneak (level 1, -4/15 HPs)
             Began as a Ghoul Enchanter on Sept 8, 2022.
             Slain by a goblin
             ... wielding a +1 dagger of electrocution
              (8 damage)
             ... on level 1 of the Dungeon.
             The game lasted 00:00:11 (304 turns).

qw the Sneak (Ghoul Enchanter)                       Turns: 304, Time: 00:00:12

Health: -4/15      AC:  2    Str: 11    XL:     1   Next: 90%
Magic:  2/2        EV: 12    Int: 10    God:
Gold:   6          SH:  0    Dex:  9    Spells: 3/3 levels left

rFire   . . .      SeeInvis .   d - +1 mace (drain)
rCold   + . .      Faith    .   (no shield)
rNeg    + + +      Spirit   .   b - +0 robe
rPois   inf        Reflect  .   (no helmet)
rElec   .          Harm     .   (no cloak)
rCorr   .          Rampage  .   (no gloves)
Will    .....                   (no boots)
Stlth   ++........              (no amulet)
HPRegen 0.00/turn               (no ring)
MPRegen 0.08/turn               (no ring)

@: inhibited regen
A: claws 1, cold resistance 1, negative energy resistance 3, inhibited
regeneration, torment resistance 2, devour on kill
a: no special abilities


You were on level 1 of the Dungeon.
You visited 1 branch of the dungeon, and saw 1 of its levels.

You collected 28 gold pieces.
You spent 22 gold pieces at shops.


Innate Abilities, Weirdness & Mutations

You are immune to poison.
You have sharp fingernails.
Your flesh is cold resistant. (rC+)
You are immune to negative energy. (rN+++)
You do not regenerate when monsters are visible.
You are immune to unholy pain and torment.
You thrive by killing the living.


   Skills:
 + Level 0.7 Fighting
 - Level 0.8 Short Blades
 - Level 1.0 Axes
 - Level 1.7 Dodging
 - Level 3.2 Stealth
 - Level 1.7 Spellcasting
 - Level 2.4 Hexes


You had 3 spell levels left.
You didn't know any spells.
Your spell library contained the following spells:

 Spells                   Type           Power      Damage    Failure   Level
 Ensorcelled Hibernation  Hex/Ice        6%         N/A       30%         2
 Confusing Touch          Hex            5%         N/A       34%         3
 Tukima's Dance           Hex            5%         N/A       34%         3
 Dazzling Flash           Conj/Hex       6%         N/A       52%         3

Inventory:

Hand Weapons
 d - a +1 mace of draining (weapon)
Armour
 b - a +0 robe (worn)
Scrolls
 f - a scroll of silence {unknown}
 g - a scroll of teleportation {unknown}
Potions
 a - a potion of mutation {unknown}
 c - 2 potions of invisibility
 e - a potion of curing {unknown}

Dungeon Overview and Level Annotations

Branches:
Dungeon (1/15)

Altars:

Shops:
D:1 *


Message History

You can access your shopping list by pressing '$'.
210 ||| BUYING fizzy purple potion (22 gold).
e - a fizzy purple potion Thank you for shopping at Uceaf's Assorted Antiques!
You can access your shopping list by pressing '$'.
210 ||| SHOPLISTING fuming emerald potion (22 gold, have 6).
You can access your shopping list by pressing '$'.
210 ||| SHOPLISTING scroll labelled FEUJOEGAEJ (25 gold, have 6).
You can access your shopping list by pressing '$'.
210 ||| SHOPLISTING scroll labelled GYER QAOL RYBIBES (25 gold, have 6).
You can access your shopping list by pressing '$'.
210 ||| SHOPLISTING viscous golden potion (22 gold, have 6).
You can access your shopping list by pressing '$'.
f - a scroll labelled PUEXTIZXEOTA You see here a rat corpse.
A bat is nearby!
You sock the bat!
You kill the bat!
Found 4 stones.
g - a scroll labelled DERIRA YCHAT A goblin comes into view.
It is wielding a +0 dagger.
Found a buckler.
A goblin comes into view.
It is wielding a +1 dagger of electrocution.
The goblin shouts!
The goblin shouts!
You sock the goblin!
You kill the goblin!
You closely miss the goblin.
The goblin hits you with a +1 dagger of electrocution.
You barely miss the goblin. The goblin misses you.
You hit the goblin.
The goblin is heavily wounded.
The goblin hits you with a +1 dagger of electrocution. x2
You barely miss the goblin.
The goblin is heavily wounded.
The goblin hits you with a +1 dagger of electrocution.
You are electrocuted!
Ouch! That really hurt!
You die...

#......#.##.#......##...~~~~
######...##.##+##.###...~~~~
#.####.##.# .# #...~~~#
#.........# # #...~~~'
#####..#### ....~~~' #..#
....~~~# ######..#######
....~~~~ ..............#
....~~~~ .....##@......#
....~~~~ ..... #)g......
........ .... #........
........ ... #........
..#.### ... ..[.....# ###. .
##......# ......# #######


You could see a goblin.

Vanquished Creatures
  An endoplasm (D:1)
  A giant cockroach (D:1)
  A goblin (D:1)
  A ball python (D:1)
  A bat (D:1)
  A rat (D:1)
6 creatures vanquished.

Notes
Turn   | Place    | Note
-------+----------+-------------------------------------------
     0 | D:1      | qw the Ghoul Enchanter began the quest for the Orb.
     0 | D:1      | Reached XP level 1. HP: 14/14 MP: 2/2
     0 | D:1      | 0 ||| qw: Version: 0.1-a-111-g1c1fd2e
     0 | D:1      | 0 ||| qw: Game counter: 6610
     0 | D:1      | 0 ||| qw: Always use a shield: true
     0 | D:1      | 0 ||| qw: God list: Okawaru
     0 | D:1      | 0 ||| qw: Allow faded altars: false
     0 | D:1      | 0 ||| qw: Do Orc after D:15 true
     0 | D:1      | 0 ||| qw: Do second Lair branch before Depths: true
     0 | D:1      | 0 ||| qw: Lair rune preference: random
     0 | D:1      | 0 ||| qw: Plans: Normal
     0 | D:1      | 0 ||| PLANNING D:1-11
   153 | D:1      | 153 ||| SWAPPING to +1 mace of draining.
   154 | D:1      | 154 ||| DROPPING +1 dagger.
   186 | D:1      | Found Uceaf's Assorted Antiques.
   209 | D:1      | Reached skill level 1 in Axes
   210 | D:1      | 210 ||| SHOPLISTING 2 scrolls labelled DERIRA YCHAT (50
                  | gold, have 28).
   210 | D:1      | 210 ||| BUYING fizzy purple potion (22 gold).
   210 | D:1      | Bought a fizzy purple potion for 22 gold pieces
   210 | D:1      | 210 ||| SHOPLISTING fuming emerald potion (22 gold, have
                  | 6).
   210 | D:1      | 210 ||| SHOPLISTING scroll labelled FEUJOEGAEJ (25 gold,
                  | have 6).
   210 | D:1      | 210 ||| SHOPLISTING scroll labelled GYER QAOL RYBIBES (25
                  | gold, have 6).
   210 | D:1      | 210 ||| SHOPLISTING viscous golden potion (22 gold, have
                  | 6).
   304 | D:1      | Slain by a goblin

Levels and vault maps discovered:
D:1:      dpeg_arrival_castle, layout_basic, serial_shops, shop

Skill      XL: |  1 |
---------------+----+-----
Axes           | 1 |  1.0
Fighting       | |  0.7
Short Blades   | |  0.8
Dodging        | |  1.7
Stealth        | |  3.2
Spellcasting   | |  1.7
Hexes          | |  2.4

Action                   || total
-------------------------++-------
Melee: Dagger            ||    16
       Mace              ||     8
Armor: Robe              ||     3
Dodge: Dodged            ||    11

Table legend:
 A = Non-vault XP
 B = Vault XP
 C = Vault XP percentage of total XP
 D = Non-vault monster count
 E = Vault monster count
 F = Vault count percentage of total count
                 A         B        C        D         E       F
            +---------+---------+-------+---------+---------+-------
      Total |       9 |       0 |   0.0 |       6 |       0 |   0.0
            +---------+---------+-------+---------+---------+-------
        D:1 |       9 |       0 |   0.0 |       6 |       0 |   0.0
            +---------+---------+-------+---------+---------+-------
